 Dungeon Sprint DCSS version 0.27-a0-1186-g8b4daa1eef (webtiles) character file.

Game seed: 2264499247893343469

38770 rocky1 the Bludgeoner (level 13, -9/91 HPs)
             Began as a Gargoyle Fighter on May 20, 2021.
             Was the Champion of Qazlal.
             Mangled by Xtahua (12 damage)
             ... in the Dungeon (Sprint III: "The Ten Rune Challenge").
             The game lasted 00:17:43 (5015 turns).

rocky1 the Bludgeoner (Gargoyle Fighter)            Turns: 5015, Time: 00:17:44

Health: -9/91      AC: 24    Str: 24    XL:     13   Next: 21%
Magic:  23/23      EV: 18    Int:  9    God:    Qazlal [******]
Gold:   1089       SH: 22    Dex: 10    Spells: 12/12 levels left

rFire    + . .     SeeInvis .   u - +5 eveningstar (drain)
rCold    . . .     Faith    .   c - +0 kite shield
rNeg     + . .     Spirit   .   A - +3 scale mail {rPois}
rPois    ∞         Reflect  .   (no helmet)
rElec    +         Harm     .   (no cloak)
rCorr    .         Rampage  .   q - +0 pair of gloves
Will     .....     NoTele   +   (no boots)
Stlth    ..........             b - amulet of regeneration
HPRegen  1.25/turn              a - +4 ring of evasion
MPRegen  0.18/turn              (no ring)

@: protected from fire, repel missiles
A: sickness immunity, AC +9, negative energy resistance 1, electricity
resistance, torment resistance 1, petrification resistance
}: 1/10 runes: serpentine
a: Renounce Religion, Upheaval, Elemental Force, Disaster Area


You were in the Dungeon.
You worshipped Qazlal.
Qazlal was exalted by your worship.
You visited 1 branch You collected 1906 gold pieces.
You spent 817 gold pieces at shops.

Inventory:

Hand Weapons
 l - a +2 vorpal long sword
 p - a +0 long sword of holy wrath
 u - a +5 eveningstar of draining (weapon)
Missiles
 v - 4 javelins (quivered)
Armour
 c - a +0 kite shield (worn)
 q - a +0 pair of gloves (worn)
 A - a +3 scale mail of poison resistance (worn)
Jewellery
 a - a +4 ring of evasion (left hand)
 b - an amulet of regeneration (around neck)
Wands
 d - a wand of acid (8)
 t - a wand of charming (3)
Scrolls
 j - a scroll of amnesia {unknown}
 k - a scroll of immolation
 n - a scroll of torment {unknown}
 x - a scroll of magic mapping {unknown}
Potions
 e - 4 potions of curing
 g - 3 potions of mutation {unknown}
 h - 2 potions of magic
 m - 3 potions of flight
 o - a potion of cancellation
 r - 2 potions of might
 s - 3 potions of haste
 w - a potion of invisibility
Miscellaneous
 i - a phantom mirror
 y - a condenser vane


   Skills:
 + Level 14.5 Fighting
 + Level 15.7 Maces & Flails
 + Level 14.4 Armour
 + Level 11.2 Dodging
 - Level 15.0 Shields
 + Level 14.0 Invocations
 + Level 6.9 Evocations


You had 12 spell levels left.
You didn't know any spells.
Your spell library contained the following spells:

 Spells                   Type           Power      Damage    Failure   Level
 Beastly Appendage        Tmut           0%         N/A       61%         1
 Corona                   Hex            0%         N/A       61%         1
 Freeze                   Ice            0%         1d3       61%         1
 Ensorcelled Hibernation  Hex/Ice        0%         N/A       75%         2
 Wereblood                Tmut           0%         N/A       75%         2
 Confusing Touch          Hex            0%         N/A       93%         3
 Frozen Ramparts          Ice            0%         1d2       93%         3
 Spider Form              Tmut/Pois      0%         N/A       93%         3
 Fulminant Prism          Conj/Hex       0%         3d6       100%        4
 Ice Form                 Ice/Tmut       0%         N/A       100%        4
 Leda's Liquefaction      Hex/Erth       0%         N/A       100%        4
 Summon Ice Beast         Ice/Summ       0%         N/A       100%        4
 Hydra Form               Tmut           0%         N/A       100%        5
 Ozocubu's Refrigeration  Ice            0%         4d5       100%        7


Dungeon Overview and Level Annotations

Branches:
Dungeon (1/1)

Altars:
Cheibriados
Dithmenos
Elyvilon
Fedhas
Gozag
Hepliaklqana
Kikubaaqudgha
Makhleb
Nemelex Xobeh
Okawaru
Qazlal
Ru
Sif Muna
Trog
Uskayaw
Vehumet
Wu Jian
Xom
Yredelemnul
Zin
The Shining One
Beogh
Jiyva
Lugonu

Shops:
D (!:=?[!

Annotations:
D Xtahua


Innate Abilities, Weirdness & Mutations

You are immune to sickness and miasma.
Your stone body is resilient. (AC +9)
You are immune to poison.
You resist negative energy. (rN+)
You are resistant to electric shocks. (rElec)
You are resistant to unholy torment.
You are immune to petrification.


Message History

Xtahua is lightly wounded.
The eight-headed hydra is engulfed in blazing flames.
You block Xtahua's attack. x3
You hear a bark!
The eight-headed hydra is engulfed in blazing flames.
Xtahua is engulfed in blazing flames.
Xtahua is engulfed in freezing vapours.
Xtahua breathes fire at you. The searing blast misses you.
Xtahua is engulfed in freezing vapours.
Xtahua roars, "FACE MY WRATH!"
You impale Xtahua!!
Xtahua is heavily wounded.
Xtahua thunders ferociously at you!
You barely resist. You barely miss Xtahua.
Xtahua is heavily wounded.
You hit Xtahua but do no damage.
Xtahua is heavily wounded.
Xtahua breathes fire at you. The searing blast hits you!!! You resist.
* * * LOW HITPOINT WARNING * * *
You puncture Xtahua!
Xtahua is heavily wounded.
Xtahua bites you but does no damage. Xtahua claws you!
* * * LOW HITPOINT WARNING * * *
You block Xtahua's attack.
You puncture Xtahua!
Xtahua is heavily wounded.
Unknown command.
Okay, then.
You feel better. You block Xtahua's attack.
Xtahua claws you but does no damage. You block Xtahua's attack.
Unknown command.
You sock Xtahua! You drain Xtahua.
Xtahua is severely wounded.
Xtahua bites you!!
* * * LOW HITPOINT WARNING * * *
You block Xtahua's attack. Xtahua tramples you!
You die...

+#############'####
########÷#### #.♣♣
#..... #♣.♣ #.....
♣.♣♣ ###### ♣♣≈♣
##..÷. ♣≈♣♣ #....÷
♣°♣♣ #..### ♣°.♣
#..... ♣♣@♣♣ ♣♣
##.... ♣♣D♣ .♣
##### ♣♣.☼♣♣♣♣♣♣≈♣
##.... ♣○.≈.D°°≈..♣
#∩.... ♣...≈≈○°°°.♣
#∩.### ♣.♣..°°..°.♣
#∩.... ♣♣♣♣♣♣♣♣∩∩∩♣
##.... ♣♣♣♣♣ #####


You could see Xtahua (catching breath, drained).

Vanquished Creatures
  Rupert (D)
  A nagaraja (D)
  A naga warrior (D)
  Erolcha (D)
  2 anacondas (D)
  4 death yaks (D)
  Urug (D)
  A death drake (D)
  A spriggan druid (D)
  A lindwurm (D)
  3 deep elf pyromancers (D)
  3 deep elf zephyrmancers (D)
  An orc knight (D)
  7 black mambas (D)
  A guardian serpent (D)
  2 cane toads (D)
  A rime drake (D)
  A komodo dragon (D)
  3 wandering mushrooms (D)
  A queen bee (D)
  2 tyrant leeches (D)
  8 blink frogs (D)
  5 redbacks (D)
  2 spriggans (D)
  A shadow (D)
  A spatial vortex (D)
  2 nagas (D)
  4 water moccasins (D)
  A hydra simulacrum (D)
  5 orc warriors (D)
  A necrophage (D)
  A swamp drake (D)
  5 two-headed ogres (D)
  A water elemental (D)
  32 killer bees (D)
  A jelly (D)
  3 orc priests (D)
  4 orc wizards (D)
  A wizard (D)
  A necromancer (D)
  2 polar bear simulacra (D)
  A wolf simulacrum (D)
  3 humans (D)
  A kobold demonologist (D)
  A wolf (D)
  3 adders (D)
  4 orcs (D)
  2 endoplasms (D)
  2 rats (D)
137 creatures vanquished.

Vanquished Creatures (others)
  2 deep elf blademasters (D)
  Nessos (D)
  A mummy priest (D)
  2 fire dragons (D)
  3 hydras (D)
  3 yaktaurs (D)
  2 spriggan defenders (D)
  3 hornets (D)
  2 orc high priests (D)
  An electric eel (D)
  2 orc priests (D)
  An orc wizard (D)
  A ball lightning (D)
  4 ballistomycete spores (D)
  56 plants (D)
84 creatures vanquished.

Grand Total: 221 creatures vanquished

Notes
Turn   | Place    | Note
-------+----------+-------------------------------------------
     0 | D        | rocky1 the Gargoyle Fighter began the quest for the Orb.
     0 | D        | Reached XP level 1. HP: 14/14 MP: 1/1
   132 | D        | Reached skill level 5 in Shields
   132 | D        | Reached XP level 2. HP: 7/19 MP: 2/2
   142 | D        | Reached XP level 3. HP: 9/23 MP: 3/3
   357 | D        | Noticed a water elemental
   362 | D        | Killed a water elemental
   363 | D        | Reached XP level 4. HP: 17/28 MP: 4/4
   655 | D        | Reached XP level 5. HP: 28/32 MP: 5/5
   692 | D        | Noticed a shadow
   703 | D        | Killed a shadow
   704 | D        | Reached skill level 10 in Shields
   704 | D        | Reached XP level 6. HP: 22/37 MP: 6/6
   830 | D        | Found a blossoming altar of Fedhas.
   830 | D        | Found a stormy altar of Qazlal.
   830 | D        | Found a snail-covered altar of Cheibriados.
   830 | D        | Found a burning altar of Makhleb.
   830 | D        | Found a shimmering altar of Xom.
   830 | D        | Noticed a spatial vortex
   831 | D        | Found a hazy altar of Hepliaklqana.
   831 | D        | Found an opulent altar of Gozag.
   831 | D        | Found a sparkling altar of Nemelex Xobeh.
   831 | D        | Found a corrupted altar of Lugonu.
   831 | D        | Found a viscous altar of Jiyva.
   834 | D        | Became a worshipper of Qazlal Stormbringer
   849 | D        | Killed a spatial vortex
   850 | D        | Reached skill level 10 in Maces & Flails
  1050 | D        | Found a basalt altar of Yredelemnul.
  1050 | D        | Found a shadowy altar of Dithmenos.
  1050 | D        | Found a sacrificial altar of Ru.
  1050 | D        | Noticed a necrophage
  1060 | D        | Killed a necrophage
  1060 | D        | Reached * piety under Qazlal
  1061 | D        | Reached skill level 1 in Dodging
  1061 | D        | Reached skill level 1 in Invocations
  1061 | D        | Reached XP level 7. HP: 42/42 MP: 6/8
  1092 | D        | Found a radiant altar of Vehumet.
  1092 | D        | Found a shimmering blue altar of Sif Muna.
  1092 | D        | Found an ancient bone altar of Kikubaaqudgha.
  1096 | D        | Noticed a soul eater
  1097 | D        | Noticed a hellwing
  1103 | D        | Identified the Grimoire of Enthralling Ice
  1123 | D        | Found a hide-covered altar of Uskayaw.
  1123 | D        | Found an iron altar of Okawaru.
  1123 | D        | Found a bloodstained altar of Trog.
  1123 | D        | Found an ornate altar of the Wu Jian Council.
  1123 | D        | Noticed a human
  1124 | D        | Noticed a human
  1138 | D        | Killed a human
  1138 | D        | Reached ** piety under Qazlal
  1145 | D        | Killed a human
  1146 | D        | Reached skill level 5 in Fighting
  1146 | D        | Reached skill level 5 in Armour
  1157 | D        | Found a glowing silver altar of Zin.
  1157 | D        | Found a glowing golden altar of the Shining One.
  1157 | D        | Found a white marble altar of Elyvilon.
  1158 | D        | Noticed a deep elf pyromancer
  1161 | D        | Noticed a fire elemental
  1164 | D        | Killed a deep elf pyromancer
  1165 | D        | Reached skill level 5 in Invocations
  1165 | D        | Reached XP level 8. HP: 12/51 MP: 9/11
  1471 | D        | Reached *** piety under Qazlal
  1683 | D        | Noticed a two-headed ogre
  1692 | D        | Killed a two-headed ogre
  1693 | D        | Reached XP level 9. HP: 42/57 MP: 13/13
  1778 | D        | Noticed a two-headed ogre
  1778 | D        | Noticed Erolcha
  1787 | D        | Killed Erolcha
  1788 | D        | Reached skill level 5 in Dodging
  1794 | D        | Killed a two-headed ogre
  1817 | D        | Reached **** piety under Qazlal
  1968 | D        | Noticed a queen bee
  2014 | D        | Reached ***** piety under Qazlal
  2046 | D        | Reached XP level 10. HP: 47/65 MP: 15/15
  2104 | D        | Reached ****** piety under Qazlal
  2233 | D        | Killed a fire dragon
  2699 | D        | Noticed an orc knight
  2704 | D        | Reached skill level 10 in Armour
  2705 | D        | Killed an orc knight
  2706 | D        | Reached skill level 10 in Fighting
  2723 | D        | Found Ytiezul's Distillery.
  2801 | D        | Bought 2 potions of might for 88 gold pieces
  2801 | D        | Bought a potion of haste for 110 gold pieces
  2801 | D        | Bought a potion of curing for 33 gold pieces
  2801 | D        | Bought 2 potions of curing for 66 gold pieces
  2801 | D        | Bought 2 potions of haste for 220 gold pieces
  2823 | D        | Noticed a deep elf zephyrmancer
  2823 | D        | Noticed a deep elf zephyrmancer
  2823 | D        | Noticed a deep elf pyromancer
  2823 | D        | Noticed a deep elf zephyrmancer
  2823 | D        | Noticed a deep elf pyromancer
  2836 | D        | Killed a deep elf pyromancer
  2851 | D        | Killed a deep elf zephyrmancer
  2852 | D        | Reached XP level 11. HP: 54/73 MP: 18/18
  2858 | D        | Killed a deep elf zephyrmancer
  2860 | D        | Noticed a deep elf demonologist
  2860 | D        | Noticed a deep elf blademaster
  2864 | D        | Killed a deep elf pyromancer
  2865 | D        | Reached skill level 10 in Invocations
  2884 | D        | Killed a deep elf zephyrmancer
  3229 | D        | Reached skill level 15 in Shields
  3274 | D        | Killed a seven-headed hydra
  3382 | D        | Killed Nessos
  3387 | D        | Killed a four-headed hydra
  3543 | D        | Killed a deep elf blademaster
  3591 | D        | Killed a mummy priest
  3606 | D        | Killed a deep elf blademaster
  3710 | D        | Noticed a lindwurm
  3722 | D        | Killed a lindwurm
  3985 | D        | Noticed Urug
  4000 | D        | Killed Urug
  4104 | D        | Noticed a death drake
  4112 | D        | Killed a death drake
  4113 | D        | Reached skill level 1 in Evocations
  4113 | D        | Reached XP level 12. HP: 76/82 MP: 20/20
  4166 | D        | Identified the Reference Book on Cold
  4200 | D        | Found a blossoming altar of Fedhas.
  4271 | D        | Noticed an anaconda
  4273 | D        | Killed an anaconda
  4284 | D        | Noticed an anaconda
  4291 | D        | Killed an anaconda
  4292 | D        | Reached skill level 10 in Dodging
  4317 | D        | Killed a fire dragon
  4360 | D        | Noticed a nagaraja
  4361 | D        | Noticed a naga warrior
  4386 | D        | Killed a naga warrior
  4387 | D        | Reached skill level 15 in Maces & Flails
  4391 | D        | Killed a nagaraja
  4392 | D        | Reached skill level 5 in Evocations
  4602 | D        | Found Naherr's Jewellery Shop.
  4602 | D        | Found Wenoquy's Magic Scroll Shoppe.
  4604 | D        | Found Cigil's Antique Armour Boutique.
  4625 | D        | Got a serpentine rune of Zot
  4639 | D        | Bought an amulet of regeneration for 300 gold pieces
  4740 | D        | Noticed Rupert
  4743 | D        | Paralysed by Rupert for 4 turns
  4756 | D        | Paralysed by Rupert for 7 turns
  4767 | D        | Killed Rupert
  4889 | D        | Noticed an azure jelly
  4889 | D        | Noticed an azure jelly
  4889 | D        | Noticed an azure jelly
  4889 | D        | Noticed an azure jelly
  4904 | D        | Noticed a death yak
  4904 | D        | Noticed a death yak
  4909 | D        | Noticed a death yak
  4909 | D        | Noticed a death yak
  4911 | D        | Killed a death yak
  4912 | D        | Reached XP level 13. HP: 85/90 MP: 23/23
  4986 | D        | Found Mumeek's Antique Weapon Shoppe.
  4986 | D        | Found Cavujidd's Distillery.
  4986 | D        | Found Jifubolis's Book Emporium.
  4995 | D        | Noticed Xtahua
  5015 | D        | HP: 3/91 [Xtahua (22)]
  5015 | D        | Mangled by Xtahua

Illustrated notes

Levels and vault maps discovered:
D:        dungeon_sprint_mu [sprint_mu_entry_forest, sprint_mu_temple_rooms,
          sprint_mu_d1_spiders, sprint_mu_d2_genie, sprint_mu_d3_branching,
          sprint_mu_orc_legion, sprint_mu_elf_gauntlet, sprint_mu_hive_nellie,
          sprint_mu_lair_fedhas, sprint_mu_vaults_butterflies,
          sprint_mu_slime_circle, sprint_mu_swamp_cave, sprint_mu_snake_twists,
          sprint_mu_blade_basic, sprint_mu_crypt_lich, sprint_mu_tomb_spiral,
          sprint_mu_vestibule_basic, sprint_mu_gehenna_hellfire,
          sprint_mu_dis_giant, sprint_mu_tartarus_statrot,
          sprint_mu_cocytus_islands, sprint_mu_zot1]

Skill      XL: |  1  2  3  4  5  6  7  8  9 10 11 12 13 |
---------------+----------------------------------------+-----
Shields        | 5 6 7 8 10 11 12 13 14 15 | 15.0
Maces & Flails | 4 6 7 9 10 11 12 13 14 15 | 15.7
Dodging        | 1 3 4 6 7 9 10 11 | 11.2
Invocations    | 1 5 6 7 9 11 13 14 | 14.0
Fighting       | 6 7 8 10 12 14 | 14.5
Armour         | 6 7 8 10 12 14 | 14.4
Evocations     | 1 6 |  6.9

Action                   |  1- 3 |  4- 6 |  7- 9 | 10-12 | 13-15 || total
-------------------------+-------+-------+-------+-------+-------++-------
Melee: Flail             |    33 |    36 |   148 |   310 |       ||   527
       Morningstar       |       |       |       |   171 |       ||   171
       Eveningstar       |       |       |       |    97 |    48 ||   145
Invok: Upheaval          |       |       |     1 |     7 |       ||     8
  Use: Potion            |     2 |       |     2 |     2 |     1 ||     7
       Scroll            |       |       |     1 |     3 |       ||     4
Armor: Scale mail        |    12 |     8 |    25 |    93 |     6 ||   144
Dodge: Dodged            |     7 |     5 |    51 |   104 |     8 ||   175
       Repelled          |       |       |       |     1 |     1 ||     2
Block: Kite shield       |    11 |     7 |   117 |   468 |    31 ||   634

Table legend: (Time is in decaauts)
 A = Elapsed time spent in this place.
 B = Non-inter-level travel time spent in this place.
 C = Inter-level travel time spent in this place.
 D = Time resting spent in this place.
 E = Time spent auto-exploring this place.
 F = Levels seen in this place.
 G = Mean time per level.
                   A        B        C        D        E       F      G
               +--------+--------+--------+--------+--------+-----+--------+
         Total |   4884 |   4815 |     69 |   3067 |      0 |   1 | 4884.0 |
       Dungeon |   4884 |   4815 |     69 |   3067 |      0 |   1 | 4884.0 |
               +--------+--------+--------+--------+--------+-----+--------+

Top non-repeatable levels by time:
       D: 4884 daAuts
